 Dungeon Crawl Stone Soup version 0.30.0-29-ga12c61a403 (webtiles) character file.

Game seed: 11643632981955451791

661 seaoflcl the Chopper (level 7, 0/61 HPs)
             Began as a Minotaur Fighter on June 15, 2023.
             Was an Initiate of Qazlal.
             Slain by an ogre
             ... wielding a +0 giant spiked club
              (14 damage)
             ... on level 5 of the Dungeon.
             The game lasted 00:04:33 (4263 turns).

seaoflcl the Chopper (Minotaur Fighter)             Turns: 4263, Time: 00:04:34

Health: 0/61       AC:  7    Str: 22    XL:     7   Next: 30%
Magic:  6/6        EV:  9    Int:  5    God:    Qazlal [......]
Gold:   307        SH: 10    Dex: 16    Spells: 6/6 levels left

rFire   . . .        a - +0 war axe
rCold   . . .        c - +0 buckler
rNeg    . . .        b - +0 scale mail
rPois   .            (helmet restricted)
rElec   .            (no cloak)
rCorr   .            (no gloves)
SInv    +            (no boots)
Will    .....        s - amulet of reflection Stlth
                     w - +6 ring of dexterity
HPRegen 0.30/turn    z - ring of see invisible
MPRegen 0.10/turn

%: reflection
@: no status effects
A: horns 2, retaliatory headbutt
a: Renounce Religion


You were on level 5 of the Dungeon.
You worshipped Qazlal.
Qazlal was noncommittal.
You visited 2 branches of the dungeon, and saw 6 of its levels.

You collected 307 gold pieces.

Inventory:

Hand Weapons
 a - a +0 war axe (weapon)
 y - a +0 scimitar of flaming
Missiles
 o - 2 boomerangs (quivered)
 A - 2 throwing nets
Armour
 b - a +0 scale mail (worn)
 c - a +0 buckler (worn)
Jewellery
 g - an amulet of the acrobat
 h - a ring of ice
 s - an amulet of reflection (around neck)
 w - a +6 ring of dexterity (left hand)
 z - a ring of see invisible (right hand)
 C - a ring of resist corrosion
Scrolls
 f - 5 scrolls of teleportation {unknown}
 i - 4 scrolls of immolation {unknown}
 j - a scroll of noise {unknown}
 l - a scroll of magic mapping {unknown}
 q - 2 scrolls of blinking {unknown}
 r - a scroll of identify {unknown}
 x - a scroll of amnesia {unknown}
 B - a scroll of fog {unknown}
 D - a scroll of enchant weapon {unknown}
Potions
 d - a potion of might
 e - a potion of degeneration {unknown}
 k - 5 potions of lignification {unknown}
 m - 3 potions of heal wounds {unknown}
 n - 3 potions of flight {unknown}
 p - 5 potions of curing {unknown}
 t - 2 potions of magic {unknown}
 u - 2 potions of berserk rage {unknown}
 v - 2 potions of brilliance {unknown}


   Skills:
 + Level 5.2 Fighting
 + Level 2.1 Long Blades
 * Level 5.9 Axes
 + Level 2.5 Throwing
 + Level 5.2 Armour
 + Level 5.3 Shields


You had 6 spell levels left.
You didn't know any spells.
Your spell library contained the following spells:

 Spells                   Type           Power      Damage    Failure   Level
 Beastly Appendage        Tmut           0%         N/A       85%         1
 Lesser Beckoning         Tloc           0%         N/A       94%         2
 Poisonous Vapours        Pois/Air       0%         N/A       94%         2
 Wereblood                Tmut           0%         N/A       94%         2
 Gell's Gravitas          Tloc           0%         N/A       99%         3
 Mephitic Cloud           Conj/Pois/Air  0%         N/A       99%         3
 Spider Form              Tmut/Pois      0%         N/A       99%         3
 Teleport Other           Tloc           0%         N/A       99%         3
 Freezing Cloud           Conj/Ice/Air   0%         6-21      100%        5


Dungeon Overview and Level Annotations

Branches:
Dungeon (5/15)             Temple (1/1) D:4

Altars:
Ashenzari
Cheibriados
Dithmenos
Elyvilon
Fedhas
Gozag
Hepliaklqana
Kikubaaqudgha
Makhleb
Nemelex Xobeh
Okawaru
Qazlal
Ru
Sif Muna
Trog
Vehumet
Wu Jian
Xom
Yredelemnul
Zin

Shops:
D:5 (


Innate Abilities, Weirdness & Mutations

You have a pair of horns on your head.
You reflexively headbutt those who attack you in melee.


Message History

There is an open door here.
Items here: ( ) [ †.
There is an open door here.
You open the door.
There is an open door here.
There is an open door, spattered with blood here.
There is an open door here.
There is an open door here.
There is an open door here.
There is an open door here.
There is an open door here.
Your storm dissipates completely.
No target in view!
An ogre comes into view. It is wielding a +0 giant spiked club.
The ogre shouts!
An ogre is nearby!
An ogre is nearby!
The ogre hits you with a +0 giant spiked club!!
You slash the ogre! You headbutt the ogre.
The ogre is heavily wounded.
You slash the ogre! Your headbutt misses the ogre.
The ogre is severely wounded.
The ogre hits you with a +0 giant spiked club!!
* * * LOW HITPOINT WARNING * * *
A jelly comes into view.
The jelly quivers.
You are too injured to fight recklessly!
You are too injured to fight recklessly!
You are too injured to fight recklessly!
You are too injured to fight recklessly!
You are too injured to fight recklessly!
You are too injured to fight recklessly!
You are too injured to fight recklessly!
You hit the ogre.
The ogre is almost dead.
You block the ogre's attack.
You barely miss the ogre.
The ogre is almost dead.
The ogre hits you with a +0 giant spiked club!
You die...

##.#.....##.........#
#.<......#.######..#
##..........#.......#
#.........###.#####.#
#'##.....####.# #.#
...#........#.# #.#
...#'###.##.#.#####.#
.....#....#......##.#
...###.#..#.####@...#
...'.#....#.# #O####
####.#+#.##.## #.#
.#.....#.....# #J#
.'.....##'##.# #.#
.#.....#...#.# #..
####.#'#...#'# ###
...+.#.......######
...#####...####...


You could see an ogre and a jelly.

Vanquished Creatures
  A water moccasin (D:5)
  A black bear (D:4)
  A howler monkey (D:4)
  A jelly (D:5)
  A gnoll bouda (D:5)
  3 hounds
  An iguana (D:5)
  An orc wizard (D:5)
  10 gnolls (D:5)
  5 adders
  2 dart slugs
  8 orcs
  6 endoplasms
  10 hobgoblins
  3 jackals (D:2)
  5 quokkas
  6 ball pythons
  2 bats
  5 frilled lizards
  6 goblins
  5 kobolds
  7 rats
90 creatures vanquished.

Notes
Turn   | Place    | Note
-------+----------+-------------------------------------------
     0 | D:1      | seaoflcl the Minotaur Fighter began the quest for the Orb.
     0 | D:1      | Reached XP level 1. HP: 19/19 MP: 0/0
   208 | D:1      | Reached XP level 2. HP: 27/27 MP: 1/1
   884 | D:2      | Reached XP level 3. HP: 33/33 MP: 2/2
  1158 | D:3      | Found a shimmering blue altar of Sif Muna.
  1415 | D:3      | Reached XP level 4. HP: 35/40 MP: 3/3
  1699 | D:3      | Found a faded altar of an unknown god.
  2124 | D:4      | Noticed a black bear
  2128 | D:4      | Killed a black bear
  2129 | D:4      | Reached skill level 1 in Throwing
  2129 | D:4      | Reached XP level 5. HP: 44/47 MP: 4/4
  2537 | D:4      | Found a staircase to the Ecumenical Temple.
  2548 | Temple   | Entered the Ecumenical Temple
  2555 | Temple   | Became a worshipper of Qazlal Stormbringer
  2574 | D:4      | Found an iron altar of Okawaru.
  3286 | D:5      | Entered Level 5 of the Dungeon
  3306 | D:5      | Reached XP level 6. HP: 53/53 MP: 5/5
  3329 | D:5      | Reached skill level 5 in Axes
  3366 | D:5      | Reached skill level 1 in Long Blades
  3562 | D:5      | Reached skill level 5 in Shields
  3730 | D:5      | Found a sparkling altar of Nemelex Xobeh.
  3731 | D:5      | Found a radiant altar of Vehumet.
  3786 | D:5      | Reached skill level 5 in Fighting
  3787 | D:5      | Reached skill level 5 in Armour
  3890 | D:5      | Found Tuwu's Antique Weapon Shop.
  3892 | D:5      | Noticed a water moccasin
  3898 | D:5      | Killed a water moccasin
  3899 | D:5      | Reached XP level 7. HP: 53/61 MP: 6/6
  3972 | D:5      | Found a broken altar of Ashenzari.
  4111 | D:5      | Reached * piety under Qazlal
  4263 | D:5      | Slain by an ogre

Illustrated notes

Levels and vault maps discovered:
D:1:      lemuel_arrival_rhombus, layout_loops_ring
D:2:      layout_rooms, grunt_decor_resistance, feat_on_display
D:3:      cheibrodos_greedy_goblins, layout_basic,
          mainiacjoe_overflow_concentric_impassable,
          dreamdust_ecumenical_altar_sealed_demon, st_stairs_3
D:4:      layout_basic, kennysheep_mini, minmay_temple_entry_enclosed_plants,
          serial_forest, infiniplex_forest_clump_small,
          infiniplex_forest_corner_1, infiniplex_forest_zigzag_2,
          infiniplex_forest_corner_1, infiniplex_forest_clump_medium,
          infiniplex_forest_straight_2, infiniplex_forest_clump_small,
          infiniplex_forest_clump_cross, infiniplex_forest_straight_4,
          infiniplex_forest_join
D:5:      nicolae_cairo_tiling_large, layout_basic, lemuel_doored_altar,
          nicolae_overflow_squiral, serial_shops, nicolae_shop_stone,
          minmay_gold_behind_fungi
Temple:   minmay_freezing_vapour_temple

Skill      XL: |  1  2  3  4  5  6  7 |
---------------+----------------------+-----
Axes           | 3 4 5 |  5.9
Shields        | 4 5 |  5.3
Fighting       | 4 5 |  5.2
Armour         | 4 5 |  5.2
Throwing       | 1 2 |  2.5
Long Blades    | 1 2 |  2.1

Action                     |  1- 3 |  4- 6 |  7- 9 || total
---------------------------+-------+-------+-------++-------
  Melee: War axe           |    78 |    83 |    17 ||   178
         Headbutt          |     8 |    16 |     6 ||    30
  Throw: Boomerang         |     1 |    17 |       ||    18
 Armour: Scale mail        |    36 |    30 |     3 ||    69
  Dodge: Dodged            |    41 |    30 |     3 ||    74
  Block: Buckler           |    23 |    28 |     8 ||    59
